 Dungeon Crawl Stone Soup version 0.28.0-43-g3370ac3207 (webtiles) character file.

Game seed: 14856376337032698582

1059 issech the Cudgeller (level 8, 0/78 HPs)
             Began as a Troll Monk on Mar 30, 2022.
             Succumbed to a water moccasin's poison
             ... on level 5 of the Dungeon.
             The game lasted 00:14:12 (4504 turns).

issech the Cudgeller (Troll Monk)                   Turns: 4504, Time: 00:14:13

Health: 0/78       AC:  4    Str: 20    XL:     8   Next: 6%
Magic:  7/7        EV: 11    Int:  6    God:
Gold:   168        SH:  0    Dex: 14    Spells: 7/7 levels left

rFire   . . .      SeeInvis .   u - +0 giant spiked club
rCold   . . .      Faith    .   (shield currently unavailable)
rNeg    . . .      Spirit   .   b - +0 robe
rPois   .          Reflect  .   (helmet restricted)
rElec   .          Harm     .   (no cloak)
rCorr   .          Rampage  .   (gloves unavailable)
Will    .....                   (boots unavailable)
Stlth   ++........              (no amulet)
HPRegen 1.03/turn               (no ring)
MPRegen 0.10/turn               (no ring)

@: lethally poisoned (0 -> -8)
A: large, unfitting armour, claws 3, regeneration 1, shaggy fur 1, tough skin 1
a: no special abilities


You were on level 5 of the Dungeon.
You visited 1 branch of the dungeon, and saw 5 of its levels.

You collected 168 gold pieces.

Inventory:

Hand Weapons
 a - a +0 mace
 l - a +0 dagger of venom
 o - a +0 hand crossbow
 u - a +0 giant spiked club (weapon)
 w - a +0 flail
 x - a +2 short sword of draining
Missiles
 c - 111 stones
 g - 15 arrows
 m - a throwing net
 n - 22 bolts
 p - 12 boomerangs (quivered)
 r - 4 poisoned darts
 t - 65 sling bullets
 A - 11 javelins
Armour
 b - a +0 robe (worn)
Magical Staves
 v - a staff of poison
Wands
 y - a wand of acid (8)
Scrolls
 d - 4 scrolls of vulnerability {unknown}
 e - 2 scrolls of enchant armour {unknown}
 f - a scroll of fear {unknown}
 h - a scroll of noise {unknown}
 i - 8 scrolls of identify {unknown}
 s - a scroll of acquirement {unknown}
 B - a scroll of teleportation {unknown}
 C - a scroll of magic mapping {unknown}
Potions
 j - 2 potions of attraction {unknown}
 k - 3 potions of might {unknown}
 q - a potion of lignification {unknown}
 z - a potion of curing {unknown}


   Skills:
 + Level 4.1 Fighting
 + Level 6.5 Maces & Flails
 + Level 2.7 Throwing
 + Level 4.0 Dodging
 + Level 1.5 Stealth


You had 7 spell levels left.
You didn't know any spells.
Your spell library contained the following spells:

 Spells                   Type           Power      Damage    Failure   Level
 Ensorcelled Hibernation  Hex/Ice        0%         N/A       58%         2
 Passwall                 Tmut/Erth      0%         N/A       58%         2
 Swiftness                Air            0%         N/A       83%         3


Dungeon Overview and Level Annotations

Branches:
Dungeon (5/15)
 Temple: D:4-7

Altars:
Elyvilon
Sif Muna
Trog
Vehumet
Zin


Innate Abilities, Weirdness & Mutations

You are too large for most types of armour.
You have claws for hands.
Your natural rate of healing is unusually fast.
You are covered in fur. (AC +1)
You have tough skin. (AC +1)


Message History

You are no longer poisoned.
The water moccasin bites you but does no damage.
You closely miss the water moccasin. The water moccasin closely misses you.
The water moccasin barely misses you.
You sock the water moccasin!
The water moccasin is severely wounded.
The water moccasin completely misses you.
The water moccasin bites you!
You miss the water moccasin.
The water moccasin is severely wounded.
The water moccasin barely misses you. The water moccasin bites you.
You closely miss the water moccasin.
The water moccasin is heavily wounded.
The water moccasin bites you. The water moccasin bites you!
* * * LOW HITPOINT WARNING * * *
You are poisoned.
The water moccasin poisons you!
You feel very sick. The water moccasin bites you.
* * * LOW HITPOINT WARNING * * *
You feel very sick.
You feel sick. The water moccasin bites you.
* * * LOW HITPOINT WARNING * * *
You feel sick.
Things that are here:
a +0 dagger; a +0 robe You feel sick.
The water moccasin barely misses you.
Items here: ))) [[ ††.
You feel sick.
You feel sick.
You feel sick. The water moccasin closely misses you.
You feel sick.
You are no longer poisoned.
The water moccasin bites you!
* * * LOW HITPOINT WARNING * * *
You are lethally poisoned!
The water moccasin poisons you!
You barely miss the water moccasin.
The water moccasin is heavily wounded.
You die...

######........# .......######.#
.......# #.# ######.#### #.###
##........###.#.##
.......#.#<##....## #########
##.###..###.#.....# #........#
##.###.## ##.....#######.#### .#
).......###.....@S...)).....# .#
#..#####.#.####.########.##.###.#
##### ##.## #.# #.##...#.# ##>##
##### ##'## #.####.#.# 8...8##.#
##...## #.####.#.# .....##.#
##.....## #........# ....._#.#
##.......## ##.###.###
.....##.###....>....####....#.###
8...8##...'.........+............


You could see a water moccasin.

Vanquished Creatures
  3 yaks
  An ice beast (D:5)
  A black bear (D:4)
  An ogre (D:3)
  A phantom (D:4)
  A scorpion (D:4)
  A hound (D:5)
  A jelly (D:4)
  2 orc wizards
  A hound skeleton (D:5)
  3 adders
  An adder skeleton (D:4)
  3 worms
  2 dart slugs (D:3)
  10 orcs
  5 ball pythons
  3 endoplasms
  2 giant cockroaches
  6 goblins
  5 hobgoblins
  2 jackals (D:3)
  5 quokkas
  6 bats
  3 frilled lizards
  12 kobolds
  4 rats
85 creatures vanquished.

Notes
Turn   | Place    | Note
-------+----------+-------------------------------------------
     0 | D:1      | issech the Troll Monk began the quest for the Orb.
     0 | D:1      | Reached XP level 1. HP: 22/22 MP: 0/0
   138 | D:1      | Reached skill level 3 in Maces & Flails
   239 | D:1      | Reached XP level 2. HP: 28/29 MP: 1/1
   835 | D:2      | Found a faded altar of an unknown god.
   894 | D:2      | Found a bloodstained altar of Trog.
  1391 | D:2      | Reached XP level 3. HP: 4/36 MP: 2/2
  1762 | D:3      | Noticed an ogre
  2166 | D:3      | Killed an ogre
  2167 | D:3      | Reached skill level 4 in Maces & Flails
  2167 | D:3      | Reached XP level 4. HP: 32/45 MP: 3/3
  2219 | D:3      | Reached XP level 5. HP: 53/53 MP: 4/4
  3123 | D:4      | Noticed a phantom
  3128 | D:4      | Killed a phantom
  3129 | D:4      | Reached XP level 6. HP: 59/61 MP: 5/5
  3211 | D:4      | Reached skill level 5 in Maces & Flails
  3211 | D:4      | Reached skill level 1 in Throwing
  3534 | D:4      | Found a radiant altar of Vehumet.
  3771 | D:5      | Entered Level 5 of the Dungeon
  3773 | D:5      | Noticed a yak
  3773 | D:5      | Noticed a yak
  3773 | D:5      | Noticed an ice beast
  3921 | D:5      | Reached XP level 7. HP: 67/68 MP: 6/6
  4125 | D:5      | Found a white marble altar of Elyvilon.
  4126 | D:5      | Found a shimmering blue altar of Sif Muna.
  4157 | D:5      | Noticed a yak
  4185 | D:4      | Killed a yak
  4198 | D:4      | Killed a yak
  4250 | D:5      | Killed a yak
  4251 | D:5      | Reached skill level 6 in Maces & Flails
  4318 | D:5      | Found a glowing silver altar of Zin.
  4318 | D:5      | Found a bloodstained altar of Trog.
  4399 | D:5      | Reached XP level 8. HP: 36/78 MP: 7/7
  4503 | D:5      | HP: 3/78 [water moccasin (7)]
  4504 | D:5      | Succumbed to a water moccasin's poison

Illustrated notes

Levels and vault maps discovered:
D:1:      ncdulo_lavacross, layout_basic, hex_tiny, minmay_misc_feat_rugged
D:2:      layout_basic, chequers_ecumenical_altar_simple_redux, basic_altar,
          grunt_decor_cap, kennysheep_big_empty_room
D:3:      kennysheep_six_static_rooms, layout_loops_ring,
          minmay_misc_feat_diagonals
D:4:      layout_basic, nicolae_overflow_crystal_walls, hangedman_decor_lopped
D:5:      layout_loops_corners, nicolae_overflow_hidden_temple, uniq_menkaure

Skill      XL: |  1  2  3  4  5  6  7 |
---------------+----------------------+-----
Maces & Flails | 3 4 5 6 |  6.5
Fighting       | 3 4 |  4.1
Dodging        | 3 4 |  4.0
Throwing       | 1 2 |  2.7
Stealth        | |  1.5

Action                   |  1- 3 |  4- 6 |  7- 9 || total
-------------------------+-------+-------+-------++-------
Melee: Mace              |   144 |       |       ||   144
       Giant spiked club |       |   135 |    59 ||   194
Throw: Boomerang         |     5 |    39 |     1 ||    45
       Stone             |     1 |       |       ||     1
 Stab: Sleeping          |     1 |       |       ||     1
Armor: Robe              |    62 |    68 |    20 ||   150
Dodge: Dodged            |   110 |   119 |    27 ||   256
